 Dungeon Crawl Stone Soup version 0.20.0-8-g6b59dc7 (webtiles) character file.

450 ghjk the Covered (level 6, 0/118 HPs)
             Began as a Minotaur Fighter on May 30, 2017.
             Succumbed to Mlkhall's ghost's sting
             ... on level 4 of the Dungeon.
             The game lasted 00:04:11 (2517 turns).

ghjk the Covered (Minotaur Fighter)                 Turns: 2517, Time: 00:04:11

Health: 0/118      AC: 23    Str: 27    XL:     6   Next: 74%
Magic:  5/5        EV:  2    Int:  5    God:
Gold:   119        SH: 10    Dex: 10    Spells: 5/5 levels left

rFire    + . .     SeeInvis .   l - +0 hand axe
rCold    . . .     Gourm    +   c - +0 shield
rNeg     + + +     Faith    .   (armour currently unavailable)
rPois    +         Spirit   .   (helmet currently unavailable)
rElec    .         Reflect  .   (cloak currently unavailable)
rCorr    .         Harm     .   (gloves currently unavailable)
MR       .....     NoTele   +   (boots currently unavailable)
Stlth    ..........             g - amulet of the gourmand
Regen    0.3/turn               i - ring of protection from fire
MPRegen  0.1/turn               (no ring)

@: mighty, berserking, lethally poisoned (0 -> -9), tree-form, very quick
A: (retaliatory headbutt)
a: no special abilities


You were on level 4 of the Dungeon.
You were not hungry.
You were a tree.
You visited 1 branch of the dungeon, and saw 4 of its levels.

You collected 119 gold pieces.

Inventory:

Hand Weapons
 a - a +0 war axe
 l - a +0 hand axe (weapon)
Armour
 b - a +0 scale mail (melded)
 c - a +0 shield (worn)
 e - a +0 cloak (melded)
 r - a +0 pair of gloves (melded)
Jewellery
 g - an amulet of the gourmand (around neck)
 i - a ring of protection from fire (left branch)
 v - an uncursed ring of resist corrosion {unknown}
Wands
 n - a wand of acid (7/15)
 x - a wand of confusion (26/48)
Scrolls
 m - a scroll of recharging
 q - 2 scrolls of teleportation
 w - 2 scrolls of enchant armour {unknown}
 y - a scroll of identify
 A - a scroll of enchant weapon {unknown}
Potions
 h - a potion of resistance {unknown}
 p - a potion of lignification
 t - a potion of agility {unknown}
 z - a potion of mutation {unknown}
Books
 u - a book of Minor Magic

   Spells                             Type                      Level
   a - Magic Dart                     Conjuration                  1
   b - Blink                          Translocation                2
   c - Call Imp                       Summoning                    2
   d - Slow                           Hexes                        2
   e - Conjure Flame                  Conjuration/Fire             3
   f - Mephitic Cloud                 Conjuration/Poison/Air       3
Comestibles
 f - 2 bread rations
 k - a meat ration


   Skills:
 + Level 4.5 Fighting
 * Level 6.2 Axes
 * Level 6.2 Armour
 + Level 1.5 Dodging
 - Level 3.6 Shields


You had 5 spell levels left.
You didn't know any spells.

Dungeon Overview and Level Annotations

Branches:
Dungeon (4/15)
 Temple: D:4-7

Altars:
Dithmenos
Hepliaklqana
Kikubaaqudgha
Xom


Innate Abilities, Weirdness & Mutations

((You reflexively headbutt those who attack you in melee.))
((You have a pair of horns on your head.))


Message History

* * * LOW HITPOINT WARNING * * *
You feel sick.
* * * LOW HITPOINT WARNING * * *
You feel sick.
Unknown command.
It was a potion of flight.
Your roots keep you in place.
* * * LOW HITPOINT WARNING * * *
You feel sick.
It was a potion of berserk rage.
A red film seems to cover your vision as you go berserk!
You feel yourself moving faster!
You feel mighty!
* * * LOW HITPOINT WARNING * * *
You feel sick.
You are too berserk!
Unknown command.
There is a lethal amount of poison in your body!
You cannot move.
You cannot move.
You feel a strong urge to attack something.
You die...

###......# ..
#........# ...
##........## ...#
#.........[#
....##..........#
.....#..........#
#...#.........#
#...♣........#
#...
##...##.......#
#....
#....#####...#
#..o. ##....# ..#
#..oW ##...## ..#
##...#
##...###...#
#...#
##.......>.. #..#
#...........
..####
#...........


There were no monsters in sight!

Vanquished Creatures
  The ghost of Mlkhall the Ruffian, an amateur DrVM (D:4)
  A water moccasin skeleton (D:3)
  A howler monkey (D:4)
  Terence (D:2)
  4 gnolls (D:2)
  4 adders
  An ooze (D:1)
  2 worms (D:2)
  2 dart slugs
  A leopard gecko (D:2)
  3 orcs (D:4)
  2 giant cockroaches (D:2)
  9 goblins
  7 hobgoblins
  5 kobolds
  2 quokkas (D:2)
  2 ball pythons
  4 bats
  3 frilled lizards
  8 rats
63 creatures vanquished.

Notes
Turn   | Place    | Note
-------+----------+-------------------------------------------
     0 | D:1      | ghjk the Minotaur Fighter began the quest for the Orb.
     0 | D:1      | Reached XP level 1. HP: 19/19 MP: 0/0
   244 | D:1      | Reached XP level 2. HP: 27/27 MP: 1/1
  1082 | D:2      | Noticed Terence
  1095 | D:2      | Killed Terence
  1095 | D:2      | Reached XP level 3. HP: 18/33 MP: 2/2
  1236 | D:2      | Reached XP level 4. HP: 34/40 MP: 3/3
  1253 | D:2      | Found an ancient bone altar of Kikubaaqudgha.
  1253 | D:2      | Found a shadowy altar of Dithmenos.
  1255 | D:2      | Found a hazy altar of Hepliaklqana.
  1266 | D:2      | Found a shimmering altar of Xom.
  1434 | D:2      | Reached skill level 5 in Armour
  1832 | D:3      | Reached skill level 5 in Axes
  1832 | D:3      | Reached XP level 5. HP: 46/46 MP: 4/4
  2082 | D:3      | Reached skill level 1 in Dodging
  2424 | D:4      | Noticed a phantom
  2471 | D:4      | Noticed Mlkhall's ghost (amateur DrVM)
  2502 | D:4      | Killed Mlkhall's ghost
  2502 | D:4      | Reached XP level 6. HP: 29/53 MP: 5/5
  2514 | D:4      | HP: 3/79 [poisoned by Mlkhall's ghost (sting)]
  2516 | D:4      | HP: 1/118 [poisoned by Mlkhall's ghost (sting)]
  2517 | D:4      | Succumbed to Mlkhall's ghost's sting

Skill      XL: |  1  2  3  4  5 |
---------------+----------------+-----
Armour         | 4 5 6 |  6.2
Axes           | 3 5 6 |  6.2
Fighting       | 4 |  4.5
Dodging        | 1 |  1.5
Shields        | |  3.6

Action                   |  1- 3 |  4- 6 || total
-------------------------+-------+-------++-------
Melee: War axe           |    11 |       ||    11
       Headbutt          |    16 |    22 ||    38
       Hand axe          |    50 |   119 ||   169
  Use: Scroll            |       |     5 ||     5
       Potion            |       |     8 ||     8
  Eat: Chunk             |       |     5 ||     5
Armor: Scale mail        |    24 |    44 ||    68
Dodge: Dodged            |    13 |    25 ||    38
Block: Shield            |    34 |    42 ||    76
